 Dungeon Crawl Stone Soup version 0.20-a0-266-gdedccd6 (webtiles) character file.

259 FitzyFitz the Skirmisher (level 6, -4/53 HPs)
             Began as a Formicid Abyssal Knight on Dec 6, 2016.
             Was a Believer of Lugonu.
             Shot with an arrow by a centaur (7 damage)
             ... on level 5 of the Dungeon.
             The game lasted 00:11:23 (3882 turns).

FitzyFitz the Skirmisher (Formicid Abyssal Knight)  Turns: 3882, Time: 00:11:24

Health: -4/53      AC:  3    Str: 17    XL:     6   Next: 40%
Magic:  7/7        EV: 11    Int: 13    God:    Lugonu [**....]
Gold:   120        SH:  4    Dex: 10    Spells: 5/5 levels left

rFire  . . .     SeeInvis +     q - +0 quarterstaff
rCold  . . .     Gourm    .     b - +0 leather armour
rNeg   . . .     Faith    .     m - +0 buckler
rPois  .         Spirit   .     (helmet unavailable)
rElec  .         Reflect  .     (no cloak)
rCorr  .         Harm     .     (no gloves)
MR     .....                    (no boots)
Stlth  +.........               (no amulet)
                                (no ring)
                                (no ring)

@: drained
A: permanent stasis, dig shafts and tunnels, four strong arms, antennae 3
a: Dig, Shaft Self, Depart the Abyss, Bend Space, Renounce Religion


You were on level 5 of the Dungeon.
You worshipped Lugonu.
Lugonu was pleased with you.
You were not hungry.

You visited 1 branch of the dungeon, and saw 4 of its levels.
You visited the Abyss 1 time.

You collected 120 gold pieces.

Inventory:

Hand Weapons
 a - a +1 hand axe
 q - a +0 quarterstaff (weapon)
 w - a +0 hand crossbow
 z - a +0 hunting sling of flaming
 B - a +0 flail of draining
 E - a cursed -2 spear
Missiles
 d - 76 stones (quivered)
 r - 15 sling bullets
 v - 8 javelins
 x - 13 poisoned needles
Armour
 b - a +0 leather armour (worn)
 m - a +0 buckler (worn)
 C - a +0 chain mail of poison resistance
Scrolls
 g - 2 scrolls of blinking {unknown}
 j - a scroll of teleportation {unknown}
 k - a scroll of magic mapping {unknown}
 n - 2 scrolls of identify
 y - 2 scrolls of immolation {unknown}
 A - 3 scrolls of remove curse {unknown}
Potions
 f - a potion of ambrosia
 h - a potion of mutation {unknown}
 l - a potion of curing
 o - a potion of resistance {unknown}
 p - a potion of brilliance
 s - a potion of haste {unknown}
 t - a potion of cure mutation
Comestibles
 c - 3 bread rations
 i - a royal jelly
 u - a beef jerky


   Skills:
 - Level 6.7(6.6) Fighting
 - Level 2.0(1.9) Axes
 - Level 2.1 Armour
 - Level 0.8(0.7) Dodging
 + Level 2.9(2.8) Shields
 - Level 2.1 Invocations


You had 5 spell levels left.
You didn't know any spells.

Dungeon Overview and Level Annotations

Branches:
Dungeon (3/15)

Altars:
Sif Muna

Annotations:
D:3 bluewall's ghost, amateur SpSk


Innate Abilities, Weirdness & Mutations

You cannot be hasted, slowed, berserked, paralysed or teleported.
You can dig through walls and to a lower floor.
Your four strong arms can wield two-handed weapons with a shield.
You have a pair of large antennae on your head. (SInv)


Message History

Unknown command.
Are you sure you want to shaft yourself?
Unknown command.
Unknown command.
Unknown command.
Unknown command.
Okay, then.
Unknown command.
As you read the scroll labeled MEQEAC JIRO, it crumbles to dust.
It is a scroll of identify.
f - a potion of ambrosia
As you read the scroll of identify, it crumbles to dust.
l - a potion of curing You don't know any spells.
Unknown command.
Unknown command.
Are you sure you want to shaft yourself?
You feel quite a bit more hungry.
The centaur shoots an arrow.
The arrow hits you!
You die...

#>...# .[...###
#c... (# #.†#. .#
#.##. .# #{##.#.#
#+# #(# .Z.#
#.########(###..#
#.##<.......##@.#
##.##.#####.(##..#
##...#.#####...c..#
...........##.##.##
##...#.###.##.##.#
##.##.##.#......#
#.##........####
#.########### #.#


You could see a centaur and a bullfrog zombie.

Vanquished Creatures
  A scorpion (D:5)
  A crimson imp (D:5)
  Jessica (D:5)
  Natasha (D:3)
  5 adders
  An ooze (D:5)
  3 worms (D:2)
  2 leopard geckos
  An orc (D:5)
  3 ball pythons (D:2)
  6 giant cockroaches
  9 goblins
  6 hobgoblins
  6 jackals
  7 kobolds
  A quokka (D:2)
  6 bats
  2 frilled lizards
  10 rats
72 creatures vanquished.

Notes
Turn   | Place    | Note
-------+----------+-------------------------------------------
     0 | Abyss:1  | FitzyFitz the Formicid Abyssal Knight began the quest for the Orb.
     0 | Abyss:1  | Reached XP level 1. HP: 18/18 MP: 2/2
   103 | Abyss:1  | Noticed a sixfirhy
   104 | D:1      | Escaped the Abyss
   233 | D:1      | Reached * piety under Lugonu
   267 | D:1      | Reached XP level 2. HP: 25/25 MP: 3/3
   385 | D:1      | Reached skill level 4 in Fighting
   515 | D:1      | You fall through a shaft!
   688 | D:1      | Reached XP level 3. HP: 30/31 MP: 4/4
  1176 | D:2      | Reached skill level 5 in Fighting
  1302 | D:2      | Reached XP level 4. HP: 23/39 MP: 5/5
  2069 | D:2      | Reached ** piety under Lugonu
  2240 | D:2      | Reached XP level 5. HP: 14/46 MP: 6/6
  2570 | D:2      | Reached skill level 6 in Fighting
  2947 | D:3      | Noticed Natasha
  2952 | D:3      | Killed Natasha
  2965 | D:3      | Noticed bluewall's ghost (amateur SpSk)
  2984 | D:3      | You fall through a shaft for 2 floors!
  2984 | D:5      | Entered Level 5 of the Dungeon
  3627 | D:5      | Noticed Jessica
  3710 | D:5      | Killed Jessica
  3710 | D:5      | Reached skill level 1 in Shields
  3710 | D:5      | Reached XP level 6. HP: 53/53 MP: 7/7
  3719 | D:5      | Found a deep blue altar of Sif Muna.
  3875 | D:5      | HP: 1/53 [centaur/arrow (3)]
  3882 | D:5      | Shot with an arrow by a centaur

Vault maps used:
D:1:      dpeg_arrival_simpleton_b
D:2:      minmay_randomly_rotated_circles
D:3:      uniq_natasha, uniq_grinder, uniq_crazy_yiuf_cottage
D:5:      tgw_sif, gammafunk_temple_overflow_wave, first_bread, uniq_sigmund

Skill      XL: |  1  2  3  4  5  6 |
---------------+-------------------+-----
Fighting       | 4 5 6 |  6.7
Shields        | 1 2 |  2.9
Axes           | |  2.0
Armour         | |  2.1
Dodging        | |  0.8
Invocations    | |  2.1

Action                   |  1- 3 |  4- 6 || total
-------------------------+-------+-------++-------
Melee: Hand axe          |    78 |    23 ||   101
       Quarterstaff      |       |   158 ||   158
 Fire: Hunting sling     |       |     8 ||     8
Throw: Stone             |       |     5 ||     5
Invok: Depart the Abyss  |     1 |       ||     1
 Abil: Shaft Self        |       |     2 ||     2
  Use: Potion            |       |     3 ||     3
       Scroll            |       |     2 ||     2
  Eat: Chunk             |     1 |     8 ||     9
       Beef jerky        |       |     1 ||     1
Armor: Leather armour    |    36 |    61 ||    97
       Skin              |       |     3 ||     3
Dodge: Dodged            |    47 |   102 ||   149
Block: Buckler           |     4 |    26 ||    30
